 Dungeon Crawl Stone Soup version 0.30-a0-840-ga523dec638 (webtiles) character file.

Game seed: 14728979973829693417

3927 Pimp the Protected (level 10, -14/92 HPs)
             Began as an Armataur Fighter on Mar 1, 2023.
             Was an Elder of Okawaru.
             Killed from afar by Erica (20 damage)
             ... with a bolt of poison
             ... on level 8 of the Dungeon.
             The game lasted 00:16:06 (6432 turns).

Pimp the Protected (Armataur Fighter)               Turns: 6432, Time: 00:16:07

Health: -14/92     AC: 14    Str: 25    XL:     10   Next: 1%
Magic:  10/10      EV:  8    Int:  9    God:    Okawaru [****..]
Gold:   329        SH:  0    Dex: 12    Spells: 9/9 levels left

rFire   . . .      SeeInvis .    B - +4 battleaxe (freeze)
rCold   . . .      Faith    .    (shield currently unavailable)
rNeg    . . .      Spirit   .    b - +0 scale mail
rPois   .          Reflect  .    (helmet restricted)
rElec   .          Harm     .    (no cloak)
rCorr   .          Roll     +    (no gloves)
Will    .....      Clarity  +    (no barding) Stlth
                                 s - amulet of regeneration
HPRegen 1.15/turn                g - +4 ring of protection
MPRegen 0.12/turn                (no ring)

@: confused, lethally poisoned (-14 -> -43), ambrosia-drunk, hasted and slowed
A: large, rugged brown scales 3, deformed body, armoured tail, roll, long
tongue, awkward tongue, antennae 1, hooves 1, iridescent scales 1, thin skeletal
structure 1, clarity
a: Renounce Religion, Heroism, Finesse


You were on level 8 of the Dungeon.
You worshipped Okawaru.
Okawaru was greatly pleased with you.
You visited 2 branches of the dungeon, and saw 9 of its levels.
You also visited: Sewer.

You collected 329 gold pieces.

Inventory:

Hand Weapons
 a - a +2 war axe
 j - a +4 battleaxe
 B - a +4 battleaxe of freezing (weapon)
Missiles
 u - 4 curare-tipped darts
 w - 3 javelins (quivered)
 y - a throwing net
Armour
 b - a +0 scale mail (worn)
 c - a +0 buckler
 d - a +0 troll leather armour {Pargi}
 A - a +0 leather armour
Jewellery
 g - a +4 ring of protection (left hand)
 s - an amulet of regeneration (around neck)
Wands
 r - a wand of flame (33)
 v - a wand of iceblast (6)
 z - a wand of paralysis (7)
Scrolls
 e - 3 scrolls of teleportation
 f - 2 scrolls of vulnerability
 h - a scroll of summoning
 k - 2 scrolls of fear
 n - 3 scrolls of immolation
 q - a scroll of noise
 D - a scroll of blinking {unknown}
Potions
 l - 2 potions of flight
 m - a potion of attraction
 o - 2 potions of resistance
 t - a potion of magic {unknown}
 x - a potion of curing {unknown}
 C - a potion of berserk rage {unknown}


   Skills:
 + Level 7.1 Fighting
 + Level 6.2 Axes
 + Level 9.4 Armour
 + Level 8.6 Shields


You had 9 spell levels left.
You didn't know any spells.
Your spell library contained the following spells:

 Spells                   Type           Power      Damage    Failure   Level
 Magic Dart               Conj           0%         1d3       63%         1
 Mephitic Cloud           Conj/Pois/Air  0%         N/A       94%         3
 Manifold Assault         Tloc           0%         N/A       100%        4
 Passage of Golubria      Tloc           0%         N/A       100%        4
 Borgnjor's Vile Clutch   Necr/Erth      0%         N/A       100%        5
 Silence                  Hex/Air        0%         N/A       100%        5
 Dispersal                Tloc           0%         N/A       100%        6
 Disjunction              Tloc           0%         N/A       100%        8
 Lehudib's Crystal Spear  Conj/Erth      0%         10d2      100%        8
 Call Imp                 Summ           Unusable   N/A       N/A         2
 Animate Dead             Necr           Unusable   N/A       N/A         4
 Death Channel            Necr           Unusable   N/A       N/A         6

Dungeon Overview and Level Annotations

Branches:
Dungeon (8/15)             Temple (1/1) D:4           Sewer (visited)
   Lair: D:8-11

Altars:
Ashenzari
Cheibriados
Dithmenos
Elyvilon
Fedhas
Hepliaklqana
Makhleb
Nemelex Xobeh
Okawaru
Qazlal
Sif Muna
Trog
Uskayaw
Vehumet
Wu Jian
Xom
Yredelemnul
Zin
The Shining One

Shops:
D:6 [

Annotations:
D:7 2 transporters, valliere's ghost, novice DEVM
D:8 Erica


Innate Abilities, Weirdness & Mutations

You are completely covered in rugged brown scales. (AC +3, +7% HP)
Armour fits poorly on your strangely shaped body.
You have a long armoured tail.
You roll when moving toward enemies. (Rampage)
Your long tongue fully drains potion bottles. (2x potion effects)
Your tongue gives you trouble enunciating. (1.5x scroll delay)
You have a pair of small antennae on your head.
You have large cloven feet.
You are partially covered in iridescent scales. (AC +2)
You have a somewhat thin skeletal structure. (Dex +2, Stealth+)
You possess an exceptional clarity of mind.


Message History

Erica casts a spell at you. You resist with significant effort.
Okay, then.
You feel less invigorated.
You feel less confused.
You feel sick.
You hit Erica. You freeze Erica.
Erica is severely wounded.
You feel sick. Erica barely misses you.
You closely miss Erica.
Your tail-slap misses Erica.
Erica is severely wounded.
You feel sick.
Erica points at you and mumbles some strange words.
You feel as though you will be slow longer.
You barely miss Erica.
Your tail-slap misses Erica.
Erica is severely wounded.
You feel sick.
Erica laughs wildly.
Erica points at you and mumbles some strange words.
The bolt of poison hits you!!
You are more poisoned.
* * * LOW HITPOINT WARNING * * *
Erica barely misses you.
You closely miss Erica. You kick Erica, but do no damage.
You tail-slap Erica, but do no damage.
Erica is severely wounded.
You feel very sick.
Erica points at you and mumbles some strange words.
The bolt of poison hits you.
You are lethally poisoned!
* * * LOW HITPOINT WARNING * * *
You slurp down every last drop of the potion of ambrosia!
You are confused.
You feel invigorated.
* * * LOW HITPOINT WARNING * * *
You feel very sick. Erica gestures at you while chanting.
The bolt of poison hits you!!
You are more poisoned.
You die...

##......##### ##..
##..<.......###...
##.................
##..#######.........
##..#############....
#.........## ##....
#........... #.....
#........... #.....
#...@....... #..#..
#...@....... #.##..
#........... >.. ###
##.......... .. #
#..>.......
#..........
##.........
##########


You could see Erica.

Vanquished Creatures
  A two-headed ogre (D:7)
  Pikel (D:5)
  Prince Ribbit (D:5)
  2 water moccasins
  Pargi (Sewer)
  2 ice beasts
  2 sky beasts
  2 black bears
  2 ogres (D:5)
  A phantom (D:6)
  4 kobold brigands
  2 bullfrogs
  2 scorpions
  2 necrophages (D:6)
  2 wights (D:7)
  A howler monkey (D:8)
  3 jellies
  4 hounds
  2 orc priests
  2 gnoll boudas
  Crazy Yiuf (D:3)
  4 iguanas
  2 orc wizards (D:7)
  13 gnolls
  6 adders
  2 white imps (D:7)
  An ufetubus (D:5)
  5 worms
  22 orcs
  7 bats
  7 endoplasms
  2 giant cockroaches (D:3)
  7 goblins
  6 hobgoblins
  3 jackals (Sewer)
  24 kobolds
  A quokka (D:2)
  7 ball pythons
  5 rats
164 creatures vanquished.

Notes
Turn   | Place    | Note
-------+----------+-------------------------------------------
     0 | D:1      | Pimp the Armataur Fighter began the quest for the Orb.
     0 | D:1      | Reached XP level 1. HP: 19/19 MP: 1/1
    20 | D:1      | Noticed an eye of devastation
    29 | D:1      | Noticed a floating eye
    31 | D:1      | Found a faded altar of an unknown god.
    33 | D:1      | Noticed a floating eye
    33 | D:1      | Noticed a great orb of eyes
   175 | D:1      | Reached XP level 2. HP: 26/26 MP: 2/2
   638 | D:2      | Reached skill level 4 in Armour
   959 | D:2      | Reached XP level 3. HP: 29/33 MP: 3/3
  1669 | D:3      | Found a hazy altar of Hepliaklqana.
  1702 | D:3      | Reached XP level 4. HP: 31/40 MP: 4/4
  1955 | D:3      | Reached XP level 5. HP: 25/48 MP: 5/5
  2135 | D:3      | Found a radiant altar of Vehumet.
  2185 | D:3      | Found a shadowy altar of Dithmenos.
  2273 | D:3      | Found a glowing drain.
  2297 | Sewer    | Entered a sewer
  2368 | Sewer    | Noticed Pargi
  2376 | Sewer    | Killed Pargi
  2377 | Sewer    | Reached skill level 5 in Armour
  2377 | Sewer    | Reached XP level 6. HP: 55/55 MP: 6/6
  2662 | D:3      | Found a runed translucent door.
  2663 | D:3      | Noticed Crazy Yiuf
  2858 | D:3      | Killed Crazy Yiuf
  3258 | D:4      | Found a staircase to the Ecumenical Temple.
  3327 | Temple   | Entered the Ecumenical Temple
  3394 | Temple   | Became a worshipper of Warmaster Okawaru
  3468 | D:5      | Entered Level 5 of the Dungeon
  3479 | D:5      | Reached skill level 5 in Shields
  3481 | D:5      | Noticed a water moccasin
  3484 | D:5      | Reached XP level 7. HP: 19/64 MP: 7/7
  3504 | D:5      | Reached * piety under Okawaru
  3505 | D:5      | Reached skill level 6 in Armour
  3749 | D:5      | Noticed Pikel
  3777 | D:5      | Killed Pikel
  3778 | D:5      | Reached skill level 5 in Fighting
  3778 | D:5      | Reached skill level 7 in Armour
  3778 | D:5      | Reached XP level 8. HP: 42/73 MP: 8/8
  3842 | D:5      | Noticed Prince Ribbit
  3895 | D:5      | Killed Prince Ribbit
  3895 | D:5      | Reached ** piety under Okawaru
  4132 | D:6      | Found Picolud's Armour Emporium.
  4240 | D:6      | Found a broken altar of Ashenzari.
  4423 | D:6      | Reached skill level 5 in Axes
  4492 | D:6      | Reached XP level 9. HP: 76/80 MP: 9/9
  4507 | D:6      | Reached skill level 8 in Armour
  4712 | D:6      | Found a blossoming altar of Fedhas.
  4942 | D:6      | Found the +6 shillelagh "Devastator" {shatter}
  5233 | D:7      | Noticed a two-headed ogre
  5246 | D:7      | Killed a two-headed ogre
  5246 | D:7      | Reached *** piety under Okawaru
  5652 | D:7      | Reached skill level 9 in Armour
  5778 | D:7      | Found a transporter.
  5778 | D:7      | Found a transporter.
  5780 | D:7      | Noticed valliere's ghost (novice DEVM)
  5781 | D:7      | Gained mutation: You have large cloven feet. [potion of
                  | mutation]
  5781 | D:7      | Gained mutation: You possess an exceptional clarity of
                  | mind. [potion of mutation]
  5781 | D:7      | Gained mutation: You expend magic power (3 MP) to
                  | strengthen your wands. [potion of mutation]
  5781 | D:7      | Gained mutation: You have a somewhat thin skeletal
                  | structure. (Dex +2, Stealth+) [potion of mutation]
  5781 | D:7      | Gained mutation: You have a pair of small antennae on your
                  | head. [potion of mutation]
  5781 | D:7      | Lost mutation: You expend magic power (3 MP) to strengthen
                  | your wands. [potion of mutation]
  5781 | D:7      | Gained mutation: You are partially covered in iridescent
                  | scales. (AC +2) [potion of mutation]
  6083 | D:7      | Reached **** piety under Okawaru
  6331 | D:8      | Reached XP level 10. HP: 92/92 MP: 10/10
  6413 | D:8      | Noticed Erica
  6432 | D:8      | Killed from afar by Erica

Illustrated notes

Levels and vault maps discovered:
D:1:      wander_arrival_fairy_ring, layout_rooms,
          hellmonk_ecumenical_altar_watching_god, nicolae_figureground_sparkle
D:2:      minmay_inner_zag, layout_basic, roderic_roman_lattice
D:3:      layout_basic, worldfamousw_hep_ancestral_shrine,
          mainiacjoe_overflow_chevrons, vehumet_altar_wand_db,
          cheibrodos_sewer_entry_bend, uniq_crazy_yiuf_cottage
D:4:      layout_rooms, minmay_temple_entry_statues_fountains,
          small_statue_intersection
D:5:      layout_rooms, grunt_ministairs_5, uniq_pikel, uniq_prince_ribbit1
D:6:      layout_layer_cave, lemuel_tele_altar, ashenzari_conservatory_becter,
          serial_shops, nicolae_take_the_stairs
D:7:      layout_basic, gammafunk_ghost_smash
D:8:      hellmonk_destroyed_diamonds, layout_cave_pods, uniq_erica, uniq_psyche
Temple:   eino_temple_water

Skill      XL: |  1  2  3  4  5  6  7  8  9 |
---------------+----------------------------+-----
Armour         | 4 5 7 9 |  9.4
Fighting       | 3 4 5 6 7 |  7.1
Axes           | 2 3 4 5 6 |  6.2
Shields        | 4 5 6 7 8 |  8.6

Action                     |  1- 3 |  4- 6 |  7- 9 | 10-12 || total
---------------------------+-------+-------+-------+-------++-------
  Melee: War axe           |   100 |   107 |   272 |       ||   479
         Tailslap          |    12 |    20 |    39 |     4 ||    75
         Battleaxe         |       |       |    18 |    10 ||    28
         Kick              |       |       |    11 |     4 ||    15
  Throw: Javelin           |       |       |     3 |       ||     3
    Use: Potion            |       |     3 |     7 |     3 ||    13
         Scroll            |       |     9 |     6 |       ||    15
 Armour: Scale mail        |    65 |   124 |   156 |     4 ||   349
  Dodge: Dodged            |    41 |    61 |    99 |     3 ||   204
  Block: Buckler           |    27 |    27 |    52 |       ||   106

Table legend: (Time is in decaauts)
 A = Elapsed time spent in this place.
 B = Non-inter-level travel time spent in this place.
 C = Inter-level travel time spent in this place.
 D = Time resting spent in this place.
 E = Time spent auto-exploring this place.
 F = Levels seen in this place.
 G = Mean time per level.
                   A        B        C        D        E       F      G
               +--------+--------+--------+--------+--------+-----+--------+
         Total |   6558 |   6207 |    351 |    459 |   4300 |  10 |  655.8 |
       Dungeon |   6309 |   5976 |    333 |    459 |   4168 |   8 |  788.6 |
        Temple |     86 |     68 |     18 |      0 |     49 |   1 |   86.0 |
         Sewer |    162 |    162 |      0 |      0 |     83 |   1 |  162.0 |
               +--------+--------+--------+--------+--------+-----+--------+

Top non-repeatable levels by time:
     D:3: 1167 daAuts
     D:2: 1104 daAuts
     D:7: 1070 daAuts
     D:6: 1032 daAuts
     D:5: 618 daAuts
     D:1: 580 daAuts
     D:4: 476 daAuts
     D:8: 259 daAuts
   Sewer: 162 daAuts
  Temple: 86 daAuts
